 Dungeon Crawl Stone Soup version 0.16-a0-269-gd5b6136 (webtiles) character file.

907 Johnny the Charmwright (level 7, -1/57 HPs)
             Began as a Demigod Skald on Aug 25, 2014.
             Succumbed to a water moccasin's poison
             ... on Level 6 of the Dungeon on Aug 26, 2014.
             The game lasted 00:32:25 (8794 turns).

Johnny the Charmwright (Demigod Skald)              Turns: 8794, Time: 00:32:25

HP  -1/57        AC  9     Str 16      XL: 7   Next: 51%
MP   9/19        EV 11     Int 18      God:
Gold 289         SH  0     Dex 17      Spells:  4 memorised,  3 levels left

rFire  + . .     SeeInvis .     s - +2 dagger (pain)
rCold  . . .     Clarity  .     g - +0 ring mail
rNeg   . . .     rCorr    .     (no shield)
rPois  .         rRot     .     m - +1 helmet
rElec  .         Spirit   .     v - +0 cloak (curse)
SustAb .         Warding  .     (no gloves)
rMut   +         Stasis   .     (no boots)
Gourm  .                        h - amulet of resist mutation
MR     .....                    (no ring)
                                o - ring of protection from fire

@: lethally poisoned, about to teleport, infused, very slightly contaminated,
not resistant to hostile enchantments, very unstealthy
A: no striking features
a: no special abilities


You were on level 6 of the Dungeon.
You were not hungry.

You visited 1 branch of the dungeon, and saw 6 of its levels.

You collected 289 gold pieces.

Inventory:

Hand weapons
 s - a +2 dagger of pain (weapon)
 u - a +3 quarterstaff of chaos
 y - a +1 vampiric short sword
Armour
 g - a +0 ring mail (worn)
 l - a +0 robe of magic resistance
 m - a +1 helmet (worn)
 v - a cursed +0 cloak (worn)
Magical devices
 r - a wand of hasting (1)
 x - a wand of digging (15) {unknown}
Comestibles
 k - 3 meat rations
Scrolls
 b - a scroll of enchant armour
 e - 4 scrolls of remove curse
 f - 3 scrolls of enchant weapon
 i - a scroll of blinking {unknown}
 j - 3 scrolls of fog
 n - 2 scrolls of immolation {unknown}
 p - 2 scrolls of random uselessness
 w - a scroll of magic mapping
Jewellery
 h - an amulet of resist mutation (around neck)
 o - a ring of protection from fire (left hand)
Potions
 a - a potion of porridge
Books
 c - a book of Battle

   Spells                             Type                      Level
   *Infusion                          Charms                       1
   *Shroud of Golubria                Charms/Translocation         2
   Song of Slaying                    Charms                       2
   *Spectral Weapon                   Hexes/Charms                 3
   *Regeneration                      Charms/Necromancy            3
 d - a book of Wizardry

   Spells                             Type                      Level
   Agony                              Necromancy                   5
   Force Lance                        Conjuration                  5
   Dispersal                          Translocation                6
   Haste                              Charms                       6
   Invisibility                       Hexes                        6
   Spellforged Servitor               Conjuration/Summoning        7
 C - a book of the Sky

   Spells                             Type                      Level
   Flight                             Charms/Air                   3
   Airstrike                          Air                          4
   Silence                            Hexes/Air                    5
   Deflect Missiles                   Charms/Air                   6
   Conjure Ball Lightning             Conjuration/Air              6
   Tornado                            Air                          9


   Skills:
 + Level 3.1 Fighting
 + Level 2.9 Short Blades
 + Level 3.3 Armour
 + Level 3.9 Dodging
 + Level 1.2 Stealth
 + Level 3.4 Spellcasting
 + Level 0.6 Hexes
 + Level 4.0 Charms
 + Level 0.6 Necromancy
 + Level 0.6 Translocations
 + Level 0.2 Evocations


You had 3 spell levels left.
You knew the following spells:

 Your Spells              Type           Power        Failure   Level  Hunger
a - Infusion              Chrm           ###...       4%          1    None
b - Spectral Weapon       Hex/Chrm       ##......     21%         3    ###....
c - Shroud of Golubria    Chrm/Tloc      ##........   12%         2    ##.....
d - Regeneration          Chrm/Necr      ##........   21%         3    ###....


Dungeon Overview and Level Annotations

Branches:
Dungeon (6/15)
 Temple: D:4-7

Shops:
D:5 %


Message History

You hear a loud clanging noise!
It was a scroll of noise.
* * * LOW HITPOINT WARNING * * *
You feel sick.
You hear a bark!
You hear a shout!
The water moccasin barely misses you.
The adder zombie bites you but does no damage.
Read which item? (? for menu, Esc to quit)
As you read the scroll labeled JUTOAD CLONGUD, it crumbles to dust.
You feel strangely unstable.
It was a scroll of teleportation.
* * * LOW HITPOINT WARNING * * *
You feel very sick. The water moccasin bites you!
* * * LOW HITPOINT WARNING * * *
You are more poisoned.
The water moccasin poisons you! The adder zombie closely misses you.
Read which item? (? for menu, Esc to quit)
As you read the scroll labeled XIQOUDASYRPH, it crumbles to dust.
Your nose twitches suddenly!
It was a scroll of random uselessness.
You die...

............## #.# ##
#...#.#.....#######.#
#.
#...................#
#.
#...#.#.._..#.%....###
#.
..#.#.................#
#.
#...........#...##.#.#
#.
......###.w####.###.#.#
## .##.## #.#S# #.# #.#
# # # #.##@# #.# #.# ..
#? #Z# #.. ... .. # #.#
### ### . #.# >.. #<.
#.. .... ...


You could see a water moccasin, a worm and an adder zombie.

Vanquished Creatures
  A centaur (D:5)
  An ogre (D:4)
  Sigmund (D:4)
  An orc priest (D:3)
  5 worker ants
  Crazy Yiuf (D:4)
  A hound (D:4)
  3 orc wizards
  An iguana (D:4)
  Ijyb (D:3)
  Terence (D:2)
  An orc zombie (D:5)
  6 adders
  5 gnolls
  2 giant mites (D:3)
  2 orc skeletons
  4 worms
  3 giant geckos (D:2)
  2 oozes
  25 orcs
  11 bats
  6 giant cockroaches
  13 hobgoblins
  4 jackals
  10 kobolds
  6 giant newts
  10 goblins
  A goblin skeleton (D:5)
  A hobgoblin skeleton (D:5)
  A jackal skeleton (D:6)
  8 rats
  A rat skeleton (D:5)
139 creatures vanquished.

Vanquished Creatures (others)
  A spectral weapon (D:3)
1 creature vanquished.

Grand Total: 140 creatures vanquished

Notes
Turn   | Place    | Note
--------------------------------------------------------------
     0 | D:1      | Johnny, the Demigod Skald, began the quest for the Orb.
     0 | D:1      | Reached XP level 1. HP: 17/17 MP: 3/3
    90 | D:1      | Reached skill level 1 in Dodging
   212 | D:1      | Reached skill level 3 in Charms
   217 | D:1      | Reached XP level 2. HP: 24/24 MP: 0/4
   664 | D:1      | Reached skill level 1 in Armour
   972 | D:1      | Reached XP level 3. HP: 29/29 MP: 1/7
  1595 | D:2      | Noticed Terence
  1602 | D:2      | Learned a level 3 spell: Spectral Weapon
  1619 | D:2      | Killed Terence
  2129 | D:2      | Reached XP level 4. HP: 36/36 MP: 2/10
  2900 | D:3      | Noticed Ijyb
  2921 | D:3      | Killed Ijyb
  3250 | D:3      | Reached XP level 5. HP: 37/41 MP: 7/12
  3880 | D:4      | Learned a level 2 spell: Shroud of Golubria
  3884 | D:4      | Learned a level 3 spell: Regeneration
  3997 | D:4      | Noticed an ogre
  4007 | D:4      | Killed an ogre
  4198 | D:4      | Reached XP level 6. HP: 42/50 MP: 2/15
  4690 | D:4      | Noticed Sigmund
  4749 | D:4      | Reached skill level 1 in Stealth
  4960 | D:4      | Killed Sigmund
  5290 | D:4      | Found a deep blue altar of Sif Muna.
  5543 | D:4      | Found a bloodstained altar of Trog.
  5545 | D:4      | Found a blossoming altar of Fedhas.
  5692 | D:4      | Noticed Crazy Yiuf
  5713 | D:4      | Killed Crazy Yiuf
  6311 | D:4      | Found a deep blue altar of Sif Muna.
  6312 | D:4      | Found a white marble altar of Elyvilon.
  6332 | D:4      | Found a shimmering altar of Xom.
  6341 | D:4      | Reached XP level 7. HP: 56/56 MP: 12/18
  6897 | D:5      | Entered Level 5 of the Dungeon
  7017 | D:5      | Reached skill level 4 in Charms
  8426 | D:5      | Found Loagaecs' Food Shop.
  8730 | D:6      | Found a shadowy altar of Dithmenos.
  8793 | D:6      | HP: 2/57 [water moccasin (8)]
  8794 | D:6      | Succumbed to a water moccasin's poison

Action                   |  1- 3 |  4- 6 |  7- 9 || total
-------------------------+-------+-------+-------++-------
Melee: Short sword       |   164 |    82 |       ||   246
       Dagger            |       |   222 |   214 ||   436
 Cast: Infusion          |    13 |    27 |    16 ||    56
       Spectral Weapon   |     2 |     7 |     2 ||    11
       Shroud of Golubri |       |    10 |    12 ||    22
       Regeneration      |       |     4 |     2 ||     6
Evoke: Wand              |       |     1 |     3 ||     4
  Use: Scroll            |       |     6 |     5 ||    11
       Potion            |       |     3 |     1 ||     4
  Eat: Chunk             |     2 |     5 |     4 ||    11
       Bread ration      |     1 |     2 |     1 ||     4
       Meat ration       |       |       |     1 ||     1
